3AAA
HAMILTON COYOTES @ HIALEAH DODOS
08/23/2032
 
TOP OF THE 1ST
Hamilton Coyotes batting - Pitching for Hialeah Dodos : RHP Logan Gregory
Pitching: RHP Logan Gregory
Batting: RHB Jesús Soto 0-0: Called Strike
0-1: Foul Ball, location: 2F
0-2: Foul Ball, location: 2F
0-2: Strikes out swinging
Batting: RHB Warren Martin 0-0: Called Strike
0-1: Called Strike
0-2: Ball
1-2: Foul Ball, location: 2F
1-2: Ball
2-2: Ball
3-2: Foul Ball, location: 2F
3-2: Base on Balls
Batting: LHB José Gómez 0-0: SINGLE (Groundball, 3) (infield hit)
Warren Martin to second
Batting: RHB Dani Trejo 0-0: Ball
1-0: 3-RUN HOME RUN (Flyball, 78XD), Distance : 413 ft
Batting: LHB Scot Willis 0-0: SINGLE (Line Drive, 8RS)
Batting: SHB Martín Marrero 0-0: Ball
1-0: SINGLE (Groundball, 6D)
Scot Willis to second
Batting: RHB Markus Thompson 0-0: SINGLE (Line Drive, 8LS)
Scot Willis to third
Martín Marrero to second
Batting: RHB Alejandro Serrato 0-0: Ball
1-0: Called Strike
1-1: Called Strike
1-2: SINGLE (Groundball, 2R) (infield hit)
Scot Willis scores
Martín Marrero to third
Markus Thompson to second
Batting: LHB Tommy Sullivan 0-0: Ball
1-0: Grounds into double play, 4-6-3 (Groundball, 4)
Top of the 1st over - 4 runs, 6 hits, 0 errors, 2 left on base; Hamilton 4 - Hialeah 0
BOTTOM OF THE 1ST
Hialeah Dodos batting - Pitching for Hamilton Coyotes : LHP Ken Clarke
Pitching: LHP Ken Clarke
Batting: RHB Owen Cannon 0-0: SINGLE (Flyball, 9)
Batting: RHB Clarence Weber 0-0: Called Strike
0-1: Foul Ball, location: 2F
0-2: Ball
Owen Cannon steals 2nd base
1-2: Strikes out swinging
Batting: RHB Aurelio Álvarez 0-0: Called Strike
0-1: Ball
1-1: Ball
Wild Pitch!
Owen Cannon to third
2-1: Ball
3-1: Reached on error, E8 (Flyball, 8LD)
Owen Cannon scores
Batting: RHB Andrew Crosby 0-0: Ball
1-0: Ball
2-0: Foul Ball, location: 2F
2-1: Ground out 6-3 (Groundball, 6)
Aurelio Álvarez to third
Batting: LHB Jaime Aguilar 0-0: Ball
Balk!
Aurelio Álvarez scores
1-0: Foul Ball, location: 2F
1-1: Swinging Strike
1-2: Ball
2-2: Foul Ball, location: 2F
2-2: Ball
3-2: Foul Ball, location: 2F
3-2: Foul Ball, location: 2F
3-2: Strikes out swinging
Bottom of the 1st over - 2 runs, 1 hit, 1 error, 0 left on base; Hamilton 4 - Hialeah 2
TOP OF THE 2ND
Hamilton Coyotes batting - Pitching for Hialeah Dodos : RHP Logan Gregory
Batting: RHB Jesús Soto 0-0: Ball
1-0: Ball
2-0: Called Strike
2-1: Fly out, F7 (Flyball, 78M)
Batting: RHB Warren Martin 0-0: Ball
1-0: Ball
2-0: Bunted foul
2-1: Ball
3-1: Base on Balls
Batting: LHB José Gómez 0-0: Ball
1-0: Ball
2-0: Foul Ball, location: 2F
2-1: Called Strike
2-2: Fly out, F8 (Flyball, 78M)
Batting: RHB Dani Trejo 0-0: Foul Ball, location: 2F
0-1: Fly out, F7 (Flyball, 7D)
Top of the 2nd over - 0 runs, 0 hits, 0 errors, 1 left on base; Hamilton 4 - Hialeah 2
BOTTOM OF THE 2ND
Hialeah Dodos batting - Pitching for Hamilton Coyotes : LHP Ken Clarke
Batting: RHB James Hill 0-0: Called Strike
0-1: Ground out 1-3 (Groundball, P)
Batting: RHB Stephen McManus 0-0: Ball
1-0: Foul Ball, location: 2F
1-1: Ground out U3 (Groundball, 34)
Batting: LHB Errol Levick 0-0: Foul Ball, location: 2F
0-1: Ground out 1-3 (Groundball, P)
Bottom of the 2nd over - 0 runs, 0 hits, 0 errors, 0 left on base; Hamilton 4 - Hialeah 2
TOP OF THE 3RD
Hamilton Coyotes batting - Pitching for Hialeah Dodos : RHP Logan Gregory
Batting: LHB Scot Willis 0-0: Called Strike
0-1: Ball
1-1: Fly out, F7 (Flyball, 78XD)
Batting: SHB Martín Marrero 0-0: Ball
1-0: Called Strike
1-1: Called Strike
1-2: SINGLE (Groundball, 4MD)
Batting: RHB Markus Thompson 0-0: Ball
1-0: Called Strike
1-1: Swinging Strike
1-2: Strikes out swinging
Batting: RHB Alejandro Serrato 0-0: Foul Ball, location: 2F
0-1: Ball
1-1: Ball
2-1: Foul Ball, location: 2F
2-2: Foul Ball, location: 2F
2-2: Ball
3-2: Foul Ball, location: 2F
3-2: Foul Ball, location: 2F
3-2: Fly out, F9 (Line Drive, 89D)
Top of the 3rd over - 0 runs, 1 hit, 0 errors, 1 left on base; Hamilton 4 - Hialeah 2
BOTTOM OF THE 3RD
Hialeah Dodos batting - Pitching for Hamilton Coyotes : LHP Ken Clarke
Batting: RHB Jack Head 0-0: Ball
1-0: Hit by Pitch
Batting: RHB Owen Cannon 0-0: Ball
1-0: Foul Ball, location: 2F
1-1: Called Strike
1-2: SINGLE (Line Drive, 56D)
Jack Head to second
Batting: RHB Clarence Weber 0-0: Ball
1-0: Foul Ball, location: 2F
1-1: Ball
2-1: Fielders Choice at 2nd, 6-4 (Groundball, 56)
Jack Head to third
Batting: RHB Aurelio Álvarez 0-0: Ball
1-0: Swinging Strike
1-1: Ball
2-1: Called Strike
2-2: Fly out, F8 (Flyball, 8LM)
Runner from 3rd tags up, SCORES, no throw
Batting: RHB Andrew Crosby 0-0: Ball
1-0: Ball
2-0: Foul Ball, location: 2F
2-1: Ball
3-1: SINGLE (Groundball, 6MD)
Clarence Weber to second
Batting: LHB Jaime Aguilar 0-0: Fly out, F8 (Flyball, 8RD)
Bottom of the 3rd over - 1 run, 2 hits, 0 errors, 2 left on base; Hamilton 4 - Hialeah 3
TOP OF THE 4TH
Hamilton Coyotes batting - Pitching for Hialeah Dodos : RHP Logan Gregory
Batting: LHB Tommy Sullivan 0-0: Ball
1-0: Ball
2-0: Ball
3-0: Called Strike
3-1: Base on Balls
Batting: RHB Jesús Soto 0-0: Called Strike
0-1: Called Strike
0-2: Ball
1-2: Foul Ball, location: 2F
1-2: Strikes out swinging
Batting: RHB Warren Martin 0-0: Foul Ball, location: 2F
0-1: Ball
1-1: Ball
2-1: Foul Ball, location: 2F
2-2: Ball
3-2: Foul Ball, location: 2F
3-2: Base on Balls
Tommy Sullivan to second
Batting: LHB José Gómez 0-0: Fielders Choice at 2nd, 3-6 (Groundball, 34)
Tommy Sullivan to third
Batting: RHB Dani Trejo 0-0: Ball
1-0: Foul Ball, location: 2F
1-1: Foul Ball, location: 2F
1-2: Ball
2-2: Fielders Choice at 2nd, 6-4 (Groundball, 6)
Top of the 4th over - 0 runs, 0 hits, 0 errors, 2 left on base; Hamilton 4 - Hialeah 3
BOTTOM OF THE 4TH
Hialeah Dodos batting - Pitching for Hamilton Coyotes : LHP Ken Clarke
Batting: RHB James Hill 0-0: Ball
1-0: SINGLE (Line Drive, 6M)
Batting: RHB Stephen McManus 0-0: SINGLE (Line Drive, 4)
James Hill to second
Batting: LHB Errol Levick 0-0: Foul Ball, location: 2F
0-1: Foul Ball, location: 2F
0-2: Foul Ball, location: 2F
0-2: Ball
1-2: Ball
2-2: Ball
3-2: SINGLE (Line Drive, 9S)
James Hill to third
Stephen McManus to second
Batting: RHB Jack Head 0-0: Ball
1-0: Fielders Choice at 2nd, 6-4 (Groundball, 56)
James Hill scores
Stephen McManus to third
Batting: RHB Owen Cannon 0-0: Called Strike
0-1: Ball
1-1: Ball
2-1: Called Strike
2-2: Foul Ball, location: 2F
2-2: Foul Ball, location: 2F
2-2: Ball
3-2: Fielders Choice at 2nd, 6-4 (Groundball, 6)
Stephen McManus scores
Batting: RHB Clarence Weber 0-0: Ball
1-0: Ball
2-0: Fly out, F7 (Line Drive, 78M)
Bottom of the 4th over - 2 runs, 3 hits, 0 errors, 1 left on base; Hamilton 4 - Hialeah 5
TOP OF THE 5TH
Hamilton Coyotes batting - Pitching for Hialeah Dodos : RHP Logan Gregory
Batting: LHB Scot Willis 0-0: Ball
1-0: Ball
2-0: Ball
3-0: Base on Balls
Batting: SHB Martín Marrero 0-0: Ball
1-0: Grounds into double play, 4-6-3 (Groundball, 4)
Batting: RHB Markus Thompson 0-0: Swinging Strike
0-1: Swinging Strike
0-2: Ball
1-2: Ball
2-2: Ball
3-2: Base on Balls
Batting: RHB Alejandro Serrato 0-0: Called Strike
0-1: Ball
1-1: Swinging Strike
1-2: Ball
2-2: Foul Ball, location: 2F
2-2: Fly out, F8 (Flyball, 8LD)
Top of the 5th over - 0 runs, 0 hits, 0 errors, 1 left on base; Hamilton 4 - Hialeah 5
BOTTOM OF THE 5TH
Hialeah Dodos batting - Pitching for Hamilton Coyotes : LHP Ken Clarke
Batting: RHB Aurelio Álvarez 0-0: Called Strike
0-1: Ball
1-1: Ball
2-1: Ball
3-1: Swinging Strike
3-2: Base on Balls
Pitching: LHP Francisco Jiménez
Batting: RHB Andrew Crosby 0-0: Called Strike
0-1: Ball
1-1: Swinging Strike
1-2: Strikes out swinging
Batting: LHB Jaime Aguilar 0-0: Ball
1-0: Ball
2-0: Ball
3-0: Called Strike
3-1: Swinging Strike
3-2: Foul Ball, location: 2F
3-2: Base on Balls
Aurelio Álvarez to second
Batting: RHB James Hill 0-0: Called Strike
0-1: Swinging Strike
0-2: Ball
1-2: Ball
2-2: Ball
3-2: SINGLE (Groundball, 34D)
Aurelio Álvarez to third
Jaime Aguilar to second
Runner from 3rd tries for Home, SAFE, throw made home
Batting: RHB Stephen McManus 0-0: Called Strike
0-1: Ball
1-1: Called Strike
1-2: Fly out, F7 (Flyball, 7)
Batting: LHB Errol Levick 0-0: DOUBLE (Flyball, 89XD)
Jaime Aguilar scores
James Hill to third
Batting: RHB Jack Head 0-0: Swinging Strike
0-1: Foul Ball, location: 2F
0-2: Foul Ball, location: 2F
0-2: Strikes out swinging
Bottom of the 5th over - 2 runs, 2 hits, 0 errors, 2 left on base; Hamilton 4 - Hialeah 7
TOP OF THE 6TH
Hamilton Coyotes batting - Pitching for Hialeah Dodos : RHP Logan Gregory
Batting: LHB Tommy Sullivan 0-0: Called Strike
0-1: Ball
1-1: Ball
2-1: Ball
3-1: Base on Balls
Batting: RHB Jesús Soto 0-0: Ball
1-0: Foul Ball, location: 2F
1-1: Ball
2-1: Ball
3-1: Foul Ball, location: 2F
3-2: Base on Balls
Tommy Sullivan to second
Pitching: RHP Lindsay Novak
Batting: RHB Warren Martin 0-0: Foul Ball, location: 2F
0-1: Sac Bunt - play at first, batter OUT! 5-3
Tommy Sullivan to third
Jesús Soto to second
Batting: LHB José Gómez 0-0: Ball
1-0: Swinging Strike
1-1: Ball
2-1: Ball
3-1: Foul Ball, location: 2F
3-2: Ground out U3 (Groundball, 3L)
Batting: RHB Dani Trejo 0-0: Fly out, F8 (Flyball, 8LM)
Top of the 6th over - 0 runs, 0 hits, 0 errors, 2 left on base; Hamilton 4 - Hialeah 7
BOTTOM OF THE 6TH
Hialeah Dodos batting - Pitching for Hamilton Coyotes : LHP Francisco Jiménez
Batting: RHB Owen Cannon 0-0: Called Strike
0-1: Ball
1-1: Swinging Strike
1-2: Strikes out swinging
Batting: RHB Clarence Weber 0-0: Swinging Strike
0-1: Foul Ball, location: 2F
0-2: Hit by Pitch
Batting: RHB Aurelio Álvarez 0-0: Ball
1-0: Foul Ball, location: 2F
1-1: Ball
2-1: Ball
3-1: Foul Ball, location: 2F
3-2: Grounds into double play, 4-6-3 (Groundball, 4)
Bottom of the 6th over - 0 runs, 0 hits, 0 errors, 0 left on base; Hamilton 4 - Hialeah 7
TOP OF THE 7TH
Hamilton Coyotes batting - Pitching for Hialeah Dodos : RHP Lindsay Novak
Batting: LHB Scot Willis 0-0: Ball
1-0: Foul Ball, location: 2F
1-1: Swinging Strike
1-2: Strikes out swinging
Batting: SHB Martín Marrero 0-0: Foul Ball, location: 2F
0-1: Ball
1-1: Ball
2-1: Called Strike
2-2: Strikes out looking
Batting: RHB Markus Thompson 0-0: Ball
1-0: Foul Ball, location: 2F
1-1: Ball
2-1: Foul Ball, location: 2F
2-2: Ball
3-2: Foul Ball, location: 2F
3-2: Strikes out swinging
Top of the 7th over - 0 runs, 0 hits, 0 errors, 0 left on base; Hamilton 4 - Hialeah 7
BOTTOM OF THE 7TH
Hialeah Dodos batting - Pitching for Hamilton Coyotes : LHP Francisco Jiménez
Batting: RHB Andrew Crosby 0-0: Ball
1-0: Ground out 6-3 (Groundball, 6)
Batting: LHB Jaime Aguilar 0-0: Foul Ball, location: 2F
0-1: Ground out 4-3 (Groundball, 4)
Batting: RHB James Hill 0-0: Fly out, F8 (Line Drive, 8RM)
Bottom of the 7th over - 0 runs, 0 hits, 0 errors, 0 left on base; Hamilton 4 - Hialeah 7
TOP OF THE 8TH
Hamilton Coyotes batting - Pitching for Hialeah Dodos : RHP Lindsay Novak
Batting: RHB Alejandro Serrato 0-0: Ball
1-0: Ball
2-0: Fly out, F9 (Flyball, 9LS)
Batting: LHB Tommy Sullivan 0-0: Ball
1-0: SINGLE (Groundball, 56S) (infield hit)
Batting: RHB Jesús Soto 0-0: Ball
1-0: Ball
2-0: Ball
3-0: Base on Balls
Tommy Sullivan to second
Batting: RHB Warren Martin 0-0: Swinging Strike
0-1: Ball
1-1: Fly out, F4 (Popup, 23)
Batting: LHB José Gómez 0-0: Ball
1-0: Called Strike
1-1: Ground out 4-3 (Groundball, 4)
Top of the 8th over - 0 runs, 1 hit, 0 errors, 2 left on base; Hamilton 4 - Hialeah 7
BOTTOM OF THE 8TH
Hialeah Dodos batting - Pitching for Hamilton Coyotes : LHP Francisco Jiménez
Batting: RHB Stephen McManus 0-0: Ball
1-0: Called Strike
1-1: Ball
2-1: Ball
3-1: Swinging Strike
3-2: Base on Balls
Batting: LHB Errol Levick 0-0: Called Strike
0-1: Foul Ball, location: 2F
0-2: Ball
1-2: Ball
2-2: Foul Ball, location: 2F
2-2: Fly out, F4 (Line Drive, 4)
Pitching: RHP Carlos Domínguez
Batting: RHB Jack Head 0-0: Ball
1-0: Called Strike
1-1: Ball
2-1: Foul Ball, location: 2F
2-2: Foul Ball, location: 2F
2-2: Ball
3-2: Foul Ball, location: 2F
3-2: Base on Balls
Stephen McManus to second
Batting: RHB Owen Cannon 0-0: Ball
1-0: Foul Ball, location: 2F
1-1: Ball
2-1: Ball
3-1: Base on Balls
Stephen McManus to third
Jack Head to second
Batting: RHB Clarence Weber 0-0: Ball
1-0: Swinging Strike
1-1: Grounds into fielders choice 4-2 (Groundball, 4)
Jack Head to third
Owen Cannon to second
Batting: RHB Aurelio Álvarez 0-0: Called Strike
0-1: Ball
1-1: Foul Ball, location: 2F
1-2: Ground out 1-3 (Groundball, 13S)
Bottom of the 8th over - 0 runs, 0 hits, 0 errors, 3 left on base; Hamilton 4 - Hialeah 7
TOP OF THE 9TH
Hamilton Coyotes batting - Pitching for Hialeah Dodos : RHP Lindsay Novak
Pitching: LHP Urs Ehles
Batting: RHB Dani Trejo 0-0: Ground out 4-3 (Groundball, 4MS)
Batting: LHB Scot Willis 0-0: Foul Ball, location: 2F
0-1: Ground out U3 (Groundball, 3L)
Batting: SHB Martín Marrero 0-0: Swinging Strike
0-1: Ball
1-1: Fly out, F3 (Popup, 3)
Top of the 9th over - 0 runs, 0 hits, 0 errors, 0 left on base; Hamilton 4 - Hialeah 7
Wednesday, September 19th, 2018 - OOTP Baseball 18.8 Build 76